 Dungeon Crawl Stone Soup version 0.27.1-15-g792fb953b9 (webtiles) character file.

Game seed: 6894008162428702468

84 ggallus the Chopper (level 4, -2/40 HPs)
             Began as a Hill Orc Fighter on Nov 18, 2021.
             Was a Follower of Uskayaw.
             Slain by an orc (7 damage)
             ... on level 3 of the Dungeon.
             The game lasted 00:04:34 (1899 turns).

ggallus the Chopper (Hill Orc Fighter)              Turns: 1899, Time: 00:04:35

Health: -2/40      AC:  7    Str: 19    XL:     4   Next: 45%
Magic:  4/4        EV:  7    Int:  8    God:    Uskayaw [*.....]
Gold:   62         SH:  9    Dex: 10    Spells: 3/3 levels left

rFire    . . .     SeeInvis .   a - +0 war axe
rCold    . . .     Faith    .   c - +0 kite shield
rNeg     . . .     Spirit   .   b - +0 scale mail
rPois    .         Reflect  .   (no helmet)
rElec    .         Harm     .   (no cloak)
rCorr    .         Rampage  .   (no gloves)
Will     .....                  (no boots)
Stlth    ..........             (no amulet)
HPRegen  0.13/turn              (no ring)
MPRegen  0.09/turn              (no ring)

@: no status effects
A: no striking features
a: Renounce Religion, Stomp


You were on level 3 of the Dungeon.
You worshipped Uskayaw.
Uskayaw was noncommittal.
You visited 1 branch of the dungeon, and saw 3 of its levels.

You collected 62 gold pieces.

Inventory:

Hand Weapons
 a - a +0 war axe (weapon)
Armour
 b - a +0 scale mail (worn)
 c - a +0 kite shield (worn)
Scrolls
 f - a scroll of blinking {unknown}
 g - a scroll of identify {unknown}
 h - a scroll of immolation {unknown}
Potions
 d - a potion of might
 e - 2 potions of heal wounds {unknown}


   Skills:
 + Level 4.1 Fighting
 + Level 4.4 Axes
 + Level 3.8 Armour
 + Level 0.4 Dodging
 + Level 3.8 Shields


You had 3 spell levels left.
You didn't know any spells.
Your spell library was empty.

Dungeon Overview and Level Annotations

Branches:
Dungeon (3/15)

Altars:
Uskayaw
Xom

Shops:
D:1 :


Message History

The goblin unwields a +0 club.
The goblin wields a +0 hunting sling.
The goblin shoots a stone.
The stone hits you but does no damage. The adder bites you but does no damage.
You block the adder's attack.
The orc hits you from afar with a +0 trident.
The adder bites you.
You are poisoned.
The adder poisons you! The orc barely misses you.
You see here 11 gold pieces.
You feel sick. The adder bites you.
You are more poisoned.
The adder poisons you!
You feel very sick. You block the adder's attack.
You feel sick. The adder bites you but does no damage.
The orc hits you from afar with a +0 trident.
You barely miss the adder.
You feel sick. You block the adder's attack.
The orc hits you from afar with a +0 trident.
The adder bites you.
You closely miss the adder.
You feel sick. The adder bites you but does no damage.
The orc barely misses you. The adder closely misses you.
The orc hits you from afar with a +0 trident.
* * * LOW HITPOINT WARNING * * *
You hit the adder.
The adder is moderately wounded.
You feel sick. The adder bites you.
* * * LOW HITPOINT WARNING * * *
The orc hits you but does no damage. The adder barely misses you.
You hit the adder.
The adder is heavily wounded.
You feel sick.
You are no longer poisoned.
The adder bites you but does no damage. You block the orc's attack.
The adder bites you but does no damage. The orc barely misses you.
You closely miss the adder.
The adder is heavily wounded.
The adder bites you but does no damage.
The orc hits you from afar with a +0 trident!
You die...

#.#.# #.....# ..#.#
#.....# ....#
##.....#### ....#
#.......... .>#.#
#......(... ..#.#
#..go...... ###.#
#.o{o...... #.#
###S##########
###.# #.@.........#
....#
#...........#######
#####
#..................
#####
#.............#####
....#
#.........)..##(((#
###.#
##.########..#(#(#.
#.# #.#
#####...#((#..
#.##### #..
........#(#.#.
#.†...#######
######..##...#


You could see an adder, 3 orcs and a goblin.

Vanquished Creatures
  An adder (D:2)
  4 dart slugs
  11 ball pythons
  3 bats
  4 endoplasms
  2 giant cockroaches (D:1)
  8 goblins
  8 hobgoblins
  3 jackals (D:2)
  5 quokkas
  2 frilled lizards (D:1)
  6 rats
  A spectral hobgoblin (D:1)
58 creatures vanquished.

Notes
Turn   | Place    | Note
-------+----------+-------------------------------------------
     0 | D:1      | ggallus the Hill Orc Fighter began the quest for the Orb.
     0 | D:1      | Reached XP level 1. HP: 19/19 MP: 1/1
    52 | D:1      | Found Qanee's Book Emporium.
   163 | D:1      | Reached XP level 2. HP: 27/27 MP: 2/2
   264 | D:1      | Found a faded altar of an unknown god.
   378 | D:1      | Reached XP level 3. HP: 31/33 MP: 3/3
   930 | D:1      | Became a worshipper of Uskayaw the Reveller
   930 | D:1      | Reached * piety under Uskayaw
  1412 | D:2      | Reached XP level 4. HP: 40/40 MP: 4/4
  1502 | D:2      | Found a shimmering altar of Xom.
  1799 | D:3      | Noticed a +0 falchion
  1799 | D:3      | Noticed a +0 falchion
  1800 | D:3      | Noticed a +0 dagger
  1800 | D:3      | Noticed a +0 short sword
  1800 | D:3      | Noticed a +0 short sword
  1801 | D:3      | Noticed a +0 dagger
  1801 | D:3      | Noticed a +0 spear
  1802 | D:3      | Noticed a +0 spear
  1803 | D:3      | Found a hide-covered altar of Uskayaw.
  1899 | D:3      | Slain by an orc

Illustrated notes

Levels and vault maps discovered:
D:1:      moated_graveyard_arrival, layout_loops_ring, serial_shops, shop,
          dreamdust_ecumenical_altar_drowned_temple, amcnicky_mini_pool_small,
          corexii_hall_statues_x, ebering_dispersal_statue_hall
D:2:      layout_basic, basic_altar
D:3:      layout_basic, nicolae_uskayaw_en_pointe,
          chequers_temple_overflow_statue_of_worship

Skill      XL: |  1  2  3 |
---------------+----------+-----
Axes           | 3 4 |  4.4
Fighting       | 4 |  4.1
Armour         | |  3.8
Dodging        | |  0.4
Shields        | |  3.8

Action                   |  1- 3 |  4- 6 || total
-------------------------+-------+-------++-------
Melee: War axe           |   110 |    27 ||   137
Armor: Scale mail        |    62 |    31 ||    93
Dodge: Dodged            |    46 |    19 ||    65
Block: Kite shield       |    85 |    26 ||   111
